 Dungeon Crawl Stone Soup version 0.28-a0-938-gbc3f381ebc (webtiles) character file.

Game seed: 4385373963946376247

2487 siradein the Ducker (level 9, -1/102 HPs)
             Began as a Vampire Gladiator on Nov 29, 2021.
             Was an Elder of Okawaru.
             Succumbed to a gnoll sergeant's poison
             ... on level 6 of the Dungeon.
             The game lasted 00:34:15 (8444 turns).

siradein the Ducker (Vampire Gladiator)             Turns: 8444, Time: 00:34:15

Health: -1/102     AC:  7    Str: 16    XL:     9   Next: 27%
Magic:  11/11      EV: 13    Int: 11    God:    Okawaru [****..]
Gold:   240        SH:  0    Dex: 15    Spells: 8/8 levels left

rFire   + . .      SeeInvis +   I - +0 scimitar
rCold   + . .      Faith    +   (no shield)
rNeg    . . .      Spirit   .   n - +0 ring mail
rPois   .          Reflect  .   c - +0 helmet
rElec   .          Harm     .   y - scarf {rC+ rF+}
rCorr   +          Rampage  .   (no gloves)
Will    .....                   k - +0 pair of boots
Stlth   ..........              q - amulet of faith
HPRegen 0.47/turn               t - ring of resist corrosion
MPRegen 0.12/turn               p - ring of wizardry

@: berserking, lethally poisoned (-1 -> -11), healing quickly, very quick
A: alive, fangs 3, see invisible, vampiric 2
a: Exsanguinate, Renounce Religion, Heroism, Finesse


You were on level 6 of the Dungeon.
You worshipped Okawaru.
Okawaru was greatly pleased with you.
You visited 1 branch of the dungeon, and saw 6 of its levels.

You collected 240 gold pieces.

Inventory:

Hand Weapons
 v - a +2 short sword of speed
 G - a +0 dagger of venom
 I - a +0 scimitar (weapon)
Missiles
 b - 47 poisoned darts (quivered)
 d - 3 throwing nets
Armour
 c - a +0 helmet (worn)
 k - a +0 pair of boots (worn)
 n - a +0 ring mail (worn)
 y - a scarf of resistance (worn)
Jewellery
 p - a ring of wizardry (right hand)
 q - an amulet of faith (around neck)
 t - a ring of resist corrosion (left hand)
 u - a +6 ring of intelligence
 B - a ring of fire
Wands
 s - a wand of mindburst (5)
Scrolls
 e - 3 scrolls of enchant weapon
 f - 2 scrolls of enchant armour
 g - a scroll of torment
 h - a scroll of fear
 l - a scroll of immolation {unknown}
 m - 4 scrolls of teleportation
 w - a scroll of amnesia
 A - a scroll of acquirement {unknown}
 C - a scroll of holy word {unknown}
 D - a scroll of brand weapon {unknown}
 F - a scroll of noise {unknown}
Potions
 r - a potion of resistance {unknown}
 x - a potion of ambrosia {unknown}
 z - a potion of lignification {unknown}


   Skills:
 + Level 5.0 Fighting
 + Level 6.1 Long Blades
 + Level 4.7 Throwing
 + Level 6.7 Dodging
 + Level 3.8 Invocations
 + Level 4.2 Evocations


You had 8 spell levels left.
You didn't know any spells.
Your spell library contained the following spells:

 Spells                   Type           Power      Damage    Failure   Level
 Static Discharge         Conj/Air       0%         N/A       38%         2
 Dispel Undead            Necr           0%         3d6       92%         4
 Sticky Flame             Conj/Fire      0%         2d3       92%         4
 Orb of Destruction       Conj           0%         N/A       100%        7
 Summon Guardian Golem    Hex/Summ       Unusable   N/A       N/A         3
 Spellforged Servitor     Conj/Summ      Unusable   N/A       N/A         7

Dungeon Overview and Level Annotations

Branches:
Dungeon (6/15)
 Temple: D:4-7

Altars:
Cheibriados
Dithmenos
Okawaru
Uskayaw
Zin

Shops:
D:5 *

Annotations:
D:6 1 runed translucent door, Crazy Yiuf, Maggie


Innate Abilities, Weirdness & Mutations

Your natural rate of healing is accelerated.
You have razor-sharp teeth.
You have supernaturally acute eyesight. (SInv)
You are afflicted with vampirism and can become a bat while bloodless.


Message History

* * * LOW HITPOINT WARNING * * *
You are lethally poisoned!
The gnoll sergeant barely misses you.
It was a potion of heal wounds.
You feel much better.
You feel very sick.
The gnoll hits you from afar with a +0 halberd!
The gnoll sergeant hits you from afar with a +2 spear of venom.
You are lethally poisoned!
You cannot move away from Maggie!
It was a potion of cancellation.
Your magical effects are unravelling.
You feel magically purged.
You flicker back into view.
You break out of your daze.
* * * LOW HITPOINT WARNING * * *
You feel very sick.
Maggie hits you with a +1 vorpal long sword.
* * * LOW HITPOINT WARNING * * *
x2 The gnoll hits you from afar with a +0 halberd!
* * * LOW HITPOINT WARNING * * *
The gnoll sergeant hits you from afar with a +2 spear of venom.
* * * LOW HITPOINT WARNING * * *
It was a potion of curing.
You feel better.
Maggie says, "Did Master Lance send you?"
Maggie barely misses you. The gnoll misses you.
The gnoll sergeant closely misses you.
A red film seems to cover your vision as you go berserk!
You feel yourself moving faster!
You feel mighty! Maggie barely misses you. The gnoll closely misses you.
The gnoll sergeant hits you from afar with a +2 spear of venom!
* * * LOW HITPOINT WARNING * * *
You are lethally poisoned!
You feel a strong urge to attack something.
* * * LOW HITPOINT WARNING * * *
You feel very sick.
You hit Maggie but do no damage.
* * * LOW HITPOINT WARNING * * *
You feel very sick.
You barely miss Maggie. Your bite misses Maggie.
You die...

##.....#...###..(...........#..
####.....#...................##..
.##......#####...#...............
..#........#..##...#.........)(..
................##...............
.............##...##.#...........
.............................#...
###...........g##....#.#.....##..
.##...........g@@.#..#.......##.#
..............##......#.#.......#
...#...............#..#..........
.###..#..........#.#...#.....#...
.................#...#.#.....#.##
.....................#..#....#.#.
........................#......#.
.......#.....................#...
#....#.#.....................#...


You could see Maggie, a gnoll sergeant and a gnoll.

Vanquished Creatures
  Prince Ribbit (D:5)
  Grinder (D:5)
  A steam dragon (D:5)
  Menkaure (D:6)
  2 sky beasts (D:5)
  An ice beast (D:5)
  2 ogres (D:5)
  A centaur (D:6)
  A kobold brigand (D:5)
  A gnoll sergeant (D:5)
  Blork the orc (D:6)
  A scorpion (D:5)
  2 water moccasin skeletons
  9 wights
  An iron imp (D:5)
  2 orc priests (D:3)
  2 hounds
  2 bullfrog skeletons (D:6)
  An iguana (D:4)
  2 orc wizards
  Robin (D:4)
  12 gnolls
  5 adders
  A shadow imp (D:6)
  An ufetubus (D:5)
  2 adder skeletons (D:4)
  4 dart slugs
  11 orcs
  10 endoplasms
  2 giant cockroaches
  13 hobgoblins
  4 jackals (D:3)
  2 quokkas (D:1)
  8 ball pythons
  3 bats
  15 goblins
  15 kobolds
  11 rats
155 creatures vanquished.

Notes
Turn   | Place    | Note
-------+----------+-------------------------------------------
     0 | D:1      | siradein the Vampire Gladiator began the quest for the Orb.
     0 | D:1      | Reached XP level 1. HP: 16/16 MP: 1/1
   117 | D:1      | Reached XP level 2. HP: 19/22 MP: 2/2
   779 | D:2      | Gained mutation: You are afflicted with vampirism and can
                  | become a bat while bloodless. [Vampire growth]
   779 | D:2      | Reached XP level 3. HP: 27/27 MP: 3/3
   792 | D:2      | Reached XP level 4. HP: 26/34 MP: 4/4
  1143 | D:2      | Found a faded altar of an unknown god.
  2593 | D:3      | Reached XP level 5. HP: 28/40 MP: 5/5
  2752 | D:3      | Found a hide-covered altar of Uskayaw.
  2877 | D:3      | Found a shadowy altar of Dithmenos.
  3188 | D:4      | Reached skill level 1 in Evocations
  3328 | D:4      | Noticed Robin
  3338 | D:4      | Killed Robin
  3339 | D:4      | Reached XP level 6. HP: 42/47 MP: 6/6
  3584 | D:4      | Found an iron altar of Okawaru.
  3594 | D:4      | Became a worshipper of Warmaster Okawaru
  3917 | D:5      | Entered Level 5 of the Dungeon
  4179 | D:5      | Noticed an ice beast
  4194 | D:5      | Killed an ice beast
  4194 | D:5      | Reached * piety under Okawaru
  4195 | D:5      | Reached skill level 5 in Dodging
  4195 | D:5      | Reached skill level 1 in Invocations
  4195 | D:5      | Reached XP level 7. HP: 49/52 MP: 7/7
  4215 | D:5      | Found Lijakkun's General Store.
  4297 | D:5      | Noticed a steam dragon
  4324 | D:5      | Killed a steam dragon
  4395 | D:5      | Found a snail-covered altar of Cheibriados.
  4679 | D:5      | Reached ** piety under Okawaru
  4844 | D:5      | Noticed Prince Ribbit
  4872 | D:5      | Killed Prince Ribbit
  4873 | D:5      | Reached skill level 5 in Long Blades
  4873 | D:5      | Reached XP level 8. HP: 60/60 MP: 9/9
  4963 | D:5      | Noticed Grinder
  4967 | D:5      | Killed Grinder
  4967 | D:5      | Reached *** piety under Okawaru
  6066 | D:6      | Noticed a gargoyle
  6444 | D:6      | Noticed Blork the orc
  6560 | D:6      | Killed Blork the orc
  6832 | D:6      | Found a runed translucent door.
  6833 | D:6      | Noticed Crazy Yiuf
  7013 | D:6      | Reached XP level 9. HP: 65/66 MP: 11/11
  7054 | D:5      | Reached **** piety under Okawaru
  7110 | D:6      | Noticed Maggie
  7133 | D:6      | Noticed Menkaure
  7924 | D:5      | Reached skill level 5 in Fighting
  8189 | D:6      | Killed Menkaure
  8442 | D:6      | HP: 3/102 [poisoned by a gnoll sergeant]
  8443 | D:6      | HP: 1/102 [poisoned by a gnoll sergeant]
  8444 | D:6      | Succumbed to a gnoll sergeant's poison

Illustrated notes

Levels and vault maps discovered:
D:1:      erik_arrival_triangle_medium, layout_basic, serial_curves,
          eino_curves_04, eino_curves_04, minmay_unequal
D:2:      layout_basic, chequers_ecumenical_altar_twisty, grunt_ministairs_6,
          minmay_crystal_water
D:3:      layout_basic, grunt_dithmenos_smoke_and_mirrors,
          mainiacjoe_overflow_surrounded_room, zin_statuary
D:4:      layout_loops_ring, okawaru_altar_gauntlet_db, uniq_robin
D:5:      layout_basic, chei_slow_surprise, serial_shops,
          nicolae_inconvenience_store, uniq_grinder, uniq_prince_ribbit1
D:6:      layout_cave_pools, minitemple, hangedman_decor_peaks_small,
          uniq_menkaure, uniq_maggie, uniq_crazy_yiuf_cottage,
          uniq_blork_the_orc

Skill      XL: |  1  2  3  4  5  6  7  8  9 |
---------------+----------------------------+-----
Fighting       | 2 3 4 5 |  5.0
Throwing       | 2 3 4 |  4.7
Dodging        | 4 5 6 |  6.7
Long Blades    | 4 5 6 |  6.1
Evocations     | 1 2 3 4 |  4.2
Invocations    | 1 2 3 |  3.8

Action                   |  1- 3 |  4- 6 |  7- 9 || total
-------------------------+-------+-------+-------++-------
Melee: Long sword        |    73 |   226 |   169 ||   468
       Bite              |     2 |    26 |    29 ||    57
       Short sword       |       |    27 |       ||    27
       Scimitar          |       |       |   103 ||   103
Throw: Dart              |       |    16 |    27 ||    43
Evoke: Wand              |       |       |     4 ||     4
  Use: Scroll            |       |     4 |     3 ||     7
       Potion            |       |       |     6 ||     6
 Stab: Sleeping          |     1 |       |       ||     1
       Invisible         |       |       |     1 ||     1
Armor: Leather armour    |    20 |     5 |       ||    25
       Ring mail         |       |    82 |    88 ||   170
Dodge: Dodged            |    58 |   181 |   267 ||   506

Table legend: (Time is in decaauts)
 A = Elapsed time spent in this place.
 B = Non-inter-level travel time spent in this place.
 C = Inter-level travel time spent in this place.
 D = Time resting spent in this place.
 E = Time spent auto-exploring this place.
 F = Levels seen in this place.
 G = Mean time per level.
                   A        B        C        D        E       F      G
               +--------+--------+--------+--------+--------+-----+--------+
         Total |   8562 |   8127 |    435 |   1271 |   4362 |   6 | 1427.0 |
       Dungeon |   8562 |   8127 |    435 |   1271 |   4362 |   6 | 1427.0 |
               +--------+--------+--------+--------+--------+-----+--------+

Top non-repeatable levels by time:
     D:5: 3493 daAuts
     D:2: 1407 daAuts
     D:4: 1226 daAuts
     D:3: 879 daAuts
     D:1: 781 daAuts
     D:6: 774 daAuts
